 Dungeon Crawl Stone Soup version 0.19.5 (webtiles) character file.

630 Cecillian the Vexing (level 7, -6/52 HPs)
             Began as a Demonspawn Arcane Marksman on May 14, 2017.
             Was an Initiate of Okawaru.
             Mangled by an ogre
             ... wielding a cursed +0 giant spiked club
              (26 damage)
             ... on level 3 of the Dungeon.
             The game lasted 00:33:54 (8122 turns).

Cecillian the Vexing (Demonspawn Arcane Marksman)   Turns: 8122, Time: 00:33:55

Health: -6/52      AC: 13    Str: 12    XL:     7   Next: 24%
Magic:  8/8        EV: 10    Int: 14    God:    Okawaru [......]
Gold:   262        SH:  0    Dex: 14    Spells: 1 memorised, 7 levels left

rFire  . . .     SeeInvis .     w - +1 flail (protect)
rCold  . . .     Gourm    .     k - +1 scale mail
rNeg   . . .     Faith    .     (no shield)
rPois  .         Spirit   .     (no helmet)
rElec  .         Reflect  .     (no cloak)
rCorr  .         Harm     .     (no gloves)
MR     .....                    (no boots)
Stlth  +.........               (no amulet)
                                (no ring)
                                (no ring)

@: sanguine armour
A: claws 2, nightstalker 1, rot immunity, sanguine armour 1
a: Renounce Religion


You were on level 3 of the Dungeon.
You worshipped Okawaru.
Okawaru was noncommittal.
You were hungry.

You visited 2 branches of the dungeon, and saw 5 of its levels.

You collected 262 gold pieces.

Inventory:

Hand Weapons
 a - a +0 hand crossbow
 b - a +2 whip of electrocution
 o - a +0 short sword
 w - a +1 flail of protection (weapon)
Missiles
 l - 26 poisoned needles (quivered)
 q - 57 sling bullets
 s - 7 needles of confusion
 v - 3 bolts
 x - 5 javelins
Armour
 e - a +0 chain mail
 k - a +1 scale mail (worn)
 m - a +0 ring mail
 z - a cursed +0 buckler
Wands
 u - a wand of enslavement (13/24)
 y - a wand of digging (10/24)
Scrolls
 d - a scroll of noise
 n - 2 scrolls of remove curse
Potions
 g - 2 potions of cure mutation
 h - 2 potions of curing
 p - a potion of brilliance
Books
 c - a book of Debilitation

   Spells                             Type                      Level
   a - Corona                         Hexes                        1
   b - Slow                           Hexes                        2
   c - Gell's Gravitas                Hexes/Translocation          3
   d - Inner Flame                    Hexes/Fire                   3
   e - Cause Fear                     Hexes                        4
   f - Leda's Liquefaction            Hexes/Earth                  4
Comestibles
 f - 7 bread rations


   Skills:
 + Level 3.5 Fighting
 + Level 1.2 Maces & Flails
 + Level 3.7 Crossbows
 * Level 0.1 Armour
 + Level 3.6 Dodging
 - Level 1.0 Spellcasting
 + Level 5.3 Hexes


You had 7 spell levels left.
You knew the following spells:

 Your Spells              Type           Power        Failure   Level  Hunger
a - Corona                Hex            ###....      17%         1    ##.....


Dungeon Overview and Level Annotations

Branches:
Dungeon (4/15)             Temple (1/1) D:4

Altars:
Cheibriados
Dithmenos
Elyvilon
Fedhas
Gozag
Hepliaklqana
Kikubaaqudgha
Makhleb
Nemelex Xobeh
Okawaru
Qazlal
Ru
Sif Muna
Trog
Uskayaw
Vehumet
Xom
Yredelemnul
Zin
The Shining One


Innate Abilities, Weirdness & Mutations

You have very sharp fingernails.
You are slightly more attuned to the shadows.
You are immune to rotting.
When seriously injured, your bleeding wounds create armour. (AC +6)


Message History

Aim: an ogre, wielding a giant spiked club You toss away a poisoned needle.
The poisoned needle hits the ogre.
The ogre hits you with a giant spiked club!!
Your blood congeals into armour.
Your magical contamination has completely faded away.
Your blood armour dries and flakes away.
There is a stone staircase leading up here.
You see here a poisoned needle.
You are feeling hungry.
Tossing away (i - inventory. (,) - cycle):
l - 27 poisoned needles (quivered)
Press: ? - help, Shift-Dir - straight line, f/p - ogre
Aim: an ogre, wielding a giant spiked club You toss away a poisoned needle.
The poisoned needle barely misses the ogre.
The ogre closely misses you.
The ogre hits you with a giant spiked club!!
Your blood congeals into armour.
The ogre hits you with a giant spiked club!!
Ouch! That really hurt!
You die...

#.....#.#....#............####.
###)###.........#...##.#.#.###.
#.............#...#..........
#.###.....รท...#...##.#.#.###.
#####.###......#.#....##....##
#.
................##....##.#..#
#.
.###..###......###.......#..#
#. .# #..#
#.....#O##....#.##..# #. .#
#..# ###.....@#....#.##..####.
.#
#.(###########.#..............
.#
#..<...........#.#.......#####
.# #.###..#..######.........# #
.# #.....###.######.#######)# #
.#######..#.........# #)# #
.....# ##..>#######.# #.# #
.###.# ##### #.# #.##### .# #.#
#.# #....#


You could see an ogre.

Vanquished Creatures
  An ice beast (D:4)
  A howler monkey (D:3)
  A hound (D:4)
  2 orc priests (D:4)
  2 worker ants (D:4)
  4 orc wizards (D:4)
  Robin (D:2)
  10 adders
  4 worms
  4 dart slugs
  A leopard gecko (D:3)
  12 orcs
  2 giant cockroaches
  21 goblins
  11 hobgoblins
  4 jackals (D:4)
  8 kobolds
  2 quokkas
  8 bats
  8 frilled lizards
  A leopard gecko skeleton (D:4)
  49 rats
157 creatures vanquished.

Notes
Turn   | Place    | Note
-------+----------+-------------------------------------------
     0 | D:1      | Cecillian the Demonspawn Arcane Marksman began the quest for the Orb.
     0 | D:1      | Reached XP level 1. HP: 15/15 MP: 2/2
   319 | D:1      | Gained mutation: You have sharp fingernails. [demonic ancestry]
   319 | D:1      | Reached XP level 2. HP: 18/21 MP: 0/3
  1160 | D:1      | Gained mutation: You are slightly more attuned to the shadows. [demonic ancestry]
  1160 | D:1      | Reached XP level 3. HP: 24/26 MP: 4/4
  1417 | D:2      | Noticed Robin
  2436 | D:2      | Killed Robin
  2436 | D:2      | Gained mutation: You are immune to rotting. [demonic ancestry]
  2436 | D:2      | Reached XP level 4. HP: 11/33 MP: 3/5
  3794 | D:3      | Reached skill level 4 in Hexes
  3931 | D:3      | Gained mutation: You have very sharp fingernails. [demonic ancestry]
  3931 | D:3      | Reached XP level 5. HP: 26/39 MP: 6/6
  5009 | D:4      | Gained mutation: When seriously injured, your bleeding wounds create armour. (AC +6) [demonic ancestry]
  5009 | D:4      | Reached XP level 6. HP: 37/47 MP: 5/7
  5112 | D:4      | Found a staircase to the Ecumenical Temple.
  5121 | Temple   | Entered the Ecumenical Temple
  5272 | Temple   | Became a worshipper of Warmaster Okawaru
  5341 | D:4      | Found a shadowy altar of Dithmenos.
  6372 | D:4      | Reached skill level 5 in Hexes
  6529 | D:4      | Reached skill level 1 in Maces & Flails
  6529 | D:4      | Reached XP level 7. HP: 26/52 MP: 8/8
  8122 | D:3      | Mangled by an ogre

Skill      XL: |  1  2  3  4  5  6 |
---------------+-------------------+-----
Dodging        | 2 3 |  3.6
Crossbows      | 2 3 |  3.7
Fighting       | 2 3 |  3.5
Hexes          | 4 5 |  5.3
Maces & Flails | 1 |  1.2
Armour         | |  0.1
Spellcasting   | |  1.0

Action                   |  1- 3 |  4- 6 |  7- 9 || total
-------------------------+-------+-------+-------++-------
Melee: Dagger            |    91 |       |       ||    91
       Short sword       |    40 |   181 |       ||   221
       Whip              |       |    50 |       ||    50
       Flail             |       |    90 |    33 ||   123
 Fire: Hand crossbow     |    42 |    57 |       ||    99
Throw: Javelin           |       |     4 |     4 ||     8
 Cast: Corona            |    11 |    38 |     7 ||    56
  Use: Scroll            |     4 |     7 |       ||    11
       Potion            |     1 |       |     1 ||     2
 Stab: Sleeping          |     4 |     6 |       ||    10
       Distracted        |     1 |       |       ||     1
  Eat: Chunk             |     5 |     8 |     1 ||    14
       Meat ration       |       |     1 |       ||     1
       Pizza             |       |     1 |       ||     1
       Bread ration      |       |       |     1 ||     1
Armor: Robe              |    19 |       |       ||    19
       Leather armour    |     4 |    98 |     5 ||   107
       Ring mail         |       |       |     5 ||     5
Dodge: Dodged            |    99 |   214 |    29 ||   342
